 Dungeon Crawl Stone Soup version 0.20.1-1-g8b1a95d (webtiles) character file.

1590 boiii the Basher (level 8, -3/71 HPs)
             Began as a Hill Orc Berserker on Oct 26, 2017.
             Was a Priest of Trog.
             Slain by a kobold
             ... wielding a +2 whip of electrocution
              (9 damage)
             ... on level 6 of the Dungeon.
             The game lasted 00:47:00 (7159 turns).

boiii the Basher (Hill Orc Berserker)               Turns: 7159, Time: 00:47:04

Health: -3/71      AC: 14    Str: 20    XL:     8   Next: 92%
Magic:  8/8        EV:  9    Int:  7    God:    Trog [***...]
Gold:   285        SH:  2    Dex: 12    Spells: 7/7 levels left

rFire    + . .     SeeInvis .   q - +0 mace
rCold    . . .     Gourm    .   (no shield)
rNeg     . . .     Faith    .   F - +0 chain mail
rPois    .         Spirit   .   i - +0 helmet
rElec    .         Reflect  +   a - +0 cloak
rCorr    .         Harm     .   j - +0 pair of gloves
MR       .....                  (no boots)
Stlth    ..........             y - +2 amulet of reflection
Regen    0.3/turn               (no ring)
MPRegen  0.2/turn               (no ring)

@: berserk cooldown
A: hooves 1, fire resistance 1, sense surroundings 1, shaggy fur 1, wild magic 1
a: Berserk, Trog's Hand, Burn Spellbooks, Renounce Religion


You were on level 6 of the Dungeon.
You worshipped Trog.
Trog was most pleased with you.
You were very hungry.

You visited 1 branch of the dungeon, and saw 6 of its levels.

You collected 285 gold pieces.

Inventory:

Hand Weapons
 q - a +0 mace (weapon)
Missiles
 u - 3 tomahawks (quivered)
Armour
 a - a +0 cloak (worn)
 i - a +0 helmet (worn)
 j - a +0 pair of gloves (worn)
 F - a +0 chain mail (worn)
Magical Staves
 C - an uncursed staff of energy
Jewellery
 y - a +2 amulet of reflection (around neck)
 H - an uncursed ring of see invisible {unknown}
Wands
 x - a wand of random effects (32/48)
 z - a wand of confusion (25/48)
Scrolls
 f - 4 scrolls of teleportation
 g - a scroll of magic mapping
 h - 4 scrolls of enchant weapon
 m - a scroll of blinking
 p - a scroll of immolation
 A - a scroll of remove curse
Potions
 e - 2 potions of heal wounds {unknown}
 k - 2 potions of flight
 o - 3 potions of lignification {unknown}
 r - 2 potions of invisibility {unknown}
 s - a potion of degeneration {unknown}
 t - a potion of resistance {unknown}
 B - a potion of brilliance {unknown}
 D - a potion of haste {unknown}
 G - a potion of mutation
Comestibles
 c - 3 bread rations
 d - a fruit
 l - a chunk of flesh
 n - 2 royal jellies
 w - a meat ration


   Skills:
 + Level 6.7 Fighting
 + Level 8.1 Maces & Flails
   Level 0.2 Polearms
 + Level 0.1 Throwing
 + Level 5.8 Armour
 + Level 3.7 Dodging
 + Level 2.2 Stealth


You had 7 spell levels left.
You didn't know any spells.

Dungeon Overview and Level Annotations

Branches:
Dungeon (6/15)             Temple (0/1) D:6

Altars:
Dithmenos
Fedhas
Okawaru
Trog
Uskayaw
Yredelemnul
Zin
The Shining One


Innate Abilities, Weirdness & Mutations

You have large cloven feet.
Your flesh is heat resistant. (rF+)
You passively map a small area around you.
You are covered in fur. (AC +1)
Your spells are a little harder to cast, but a little more powerful.


Message History

You closely miss the big kobold.
The big kobold is severely wounded.
The kobold closely misses you. The big kobold hits you with a whip.
* * * LOW HITPOINT WARNING * * *
You hit the big kobold. Your kick misses the big kobold.
The big kobold is severely wounded.
You block the kobold's attack.
The big kobold hits you but does no damage.
The kobold hits you but does no damage.
You are electrocuted!
* * * LOW HITPOINT WARNING * * *
The big kobold hits you but does no damage.
Okay, then.
It was a potion of cancellation.
Your magical effects are unravelling.
You feel magically purged.
You feel yourself speed up.
The kobold hits you with a whip of electrocution.
* * * LOW HITPOINT WARNING * * *
You are electrocuted!
You die...

#. #.#.# #.#..#.. ,
##.###.... ,* #.#.....
.........# ##.####....#..
* .#.......#
#.............
.........###..######..#.#
,..........##..######.....
..........?.........#.##.
#.....K..# #.###........
#.#...K@## #.# #.#.#.###
,#.##.#)(####.# #.#.#.#
#............# #.#.#.. ,
####.#..####.###.#.#...
..........#.........## ,,
.....#..####.###.#.#..# *
*######..# ## #.#.#, #
#..# ,..# # , * #..# , ...


You could see a big kobold and a kobold.

Vanquished Creatures
  Sigmund (D:3)
  Menkaure (D:4)
  Duvessa (D:4)
  A phantom (D:6)
  A sky beast (D:5)
  2 centaurs (D:5)
  A bullfrog (D:6)
  Dowan (D:4)
  A howler monkey (D:5)
  2 bullfrog zombies (D:5)
  2 crimson imps (D:5)
  A hound (D:5)
  4 orc wizards
  2 orc priests
  2 bullfrog skeletons
  An iguana (D:5)
  Jessica (D:3)
  2 centaur skeletons
  A worker ant (D:5)
  2 hound skeletons (D:5)
  6 adders
  A shadow imp (D:5)
  An ooze (D:2)
  An adder skeleton (D:5)
  2 worms
  A dart slug (D:1)
  9 leopard geckos
  15 orcs
  2 ball pythons
  7 giant cockroaches
  7 hobgoblins
  6 jackals
  9 kobolds
  5 quokkas
  9 bats
  3 frilled lizards
  A giant cockroach zombie (D:5)
  4 goblins
  A jackal skeleton (D:5)
  A leopard gecko zombie (D:5)
  A quokka skeleton (D:4)
  5 rats
  2 plants (D:1)
  4 withered plants (D:2)
133 creatures vanquished.

Notes
Turn   | Place    | Note
-------+----------+-------------------------------------------
     0 | D:1      | boiii the Hill Orc Berserker began the quest for the Orb.
     0 | D:1      | Reached XP level 1. HP: 19/19 MP: 1/1
   433 | D:1      | Reached XP level 2. HP: 27/27 MP: 2/2
  1422 | D:2      | Gained mutation: Your mind is acute. (Int +2) [potion of mutation]
  1422 | D:2      | Gained mutation: Your system is resistant to poisons. (rPois) [potion of mutation]
  1561 | D:2      | Reached XP level 3. HP: 33/33 MP: 3/3
  1877 | D:2      | Found a glowing golden altar of the Shining One.
  1943 | D:2      | Found a basalt altar of Yredelemnul.
  2195 | D:2      | Reached skill level 4 in Maces & Flails
  2290 | D:2      | Reached XP level 4. HP: 35/40 MP: 4/4
  2876 | D:2      | Reached ** piety under Trog
  3284 | D:3      | Noticed Jessica
  3285 | D:3      | Killed Jessica
  3285 | D:3      | Reached skill level 1 in Stealth
  3285 | D:3      | Reached XP level 5. HP: 47/47 MP: 5/5
  3756 | D:3      | Reached XP level 6. HP: 48/53 MP: 6/6
  3890 | D:3      | Noticed Sigmund
  3950 | D:3      | Killed Sigmund
  3950 | D:3      | Reached skill level 5 in Fighting
  3950 | D:3      | Reached skill level 5 in Maces & Flails
  4605 | D:4      | Noticed Menkaure
  4619 | D:4      | Killed Menkaure
  4619 | D:4      | Reached XP level 7. HP: 22/61 MP: 7/7
  5058 | D:4      | Found a hide-covered altar of Uskayaw.
  5241 | D:4      | Found a shadowy altar of Dithmenos.
  5354 | D:4      | Noticed Duvessa
  5354 | D:4      | Noticed Dowan
  5366 | D:4      | Killed Dowan
  5366 | D:4      | Reached skill level 6 in Maces & Flails
  5374 | D:4      | Killed Duvessa
  5419 | D:4      | Lost mutation: Your system is resistant to poisons. (rPois) [potion of mutation]
  5419 | D:4      | Lost mutation: Your mind is acute. (Int +2) [potion of mutation]
  5419 | D:4      | Gained mutation: You evolve. [potion of mutation]
  5419 | D:4      | Gained mutation: You are covered in fur. (AC +1) [potion of mutation]
  5419 | D:4      | Gained mutation: You have large cloven feet. [potion of mutation]
  5588 | D:4      | Found a blossoming altar of Fedhas.
  5770 | D:5      | Entered Level 5 of the Dungeon
  5867 | D:5      | Found a glowing silver altar of Zin.
  5906 | D:5      | Reached *** piety under Trog
  5907 | D:5      | Reached XP level 8. HP: 70/70 MP: 8/8
  5954 | D:5      | Gained mutation: You passively map a small area around you. [evolution]
  6078 | D:5      | Gained mutation: Your spells are a little harder to cast, but a little more powerful. [mutagenic meat]
  6165 | D:5      | Reached skill level 7 in Maces & Flails
  6284 | D:5      | Reached skill level 5 in Armour
  6399 | D:5      | Found an iron altar of Okawaru.
  6551 | D:5      | Found a bloodstained altar of Trog.
  6926 | D:5      | Gained mutation: Your flesh is heat resistant. (rF+) [evolution]
  6926 | D:5      | Lost mutation: You evolve. [end of evolution]
  7059 | D:6      | Found a staircase to the Ecumenical Temple.
  7139 | D:6      | Reached skill level 8 in Maces & Flails
  7159 | D:6      | Slain by a kobold

Skill      XL: |  1  2  3  4  5  6  7  8 |
---------------+-------------------------+-----
Fighting       | 4 5 6 |  6.7
Dodging        | 2 3 |  3.7
Maces & Flails | 4 5 6 8 |  8.1
Stealth        | 1 2 |  2.2
Armour         | 3 4 5 |  5.8
Polearms       | |  0.2
Throwing       | |  0.1

Action                   |  1- 3 |  4- 6 |  7- 9 || total
-------------------------+-------+-------+-------++-------
Melee: Mace              |   227 |    97 |   129 ||   453
       Club              |    69 |       |       ||    69
       Spear             |    38 |       |       ||    38
       Flail             |       |    62 |   133 ||   195
       Kick              |       |       |    70 ||    70
Throw: Tomahawk          |       |       |     3 ||     3
Invok: Berserk           |       |     3 |     4 ||     7
       Burn Spellbooks   |       |     1 |       ||     1
  Use: Scroll            |     7 |     7 |     5 ||    19
       Potion            |     4 |       |     3 ||     7
  Eat: Chunk             |     5 |     7 |     8 ||    20
       Fruit             |       |     3 |     1 ||     4
       Bread ration      |       |       |     1 ||     1
Armor: Animal skin       |    24 |    15 |       ||    39
       Leather armour    |       |    16 |       ||    16
       Ring mail         |       |    27 |    11 ||    38
       Chain mail        |       |       |   184 ||   184
Dodge: Dodged            |   115 |    79 |   174 ||   368
Block: Other             |       |       |    19 ||    19
       Reflection        |       |       |     2 ||     2
